 Dungeon Crawl Stone Soup version 0.29.1-15-g9cfb28693d (webtiles) character file.

Game seed: 1093325596970977010

94 monsoonserge the Conjurer (level 4, -6/32 HPs)
             Began as a Gnoll Conjurer on Apr 17, 2023.
             Mangled by Sigmund
             ... wielding a +0 scythe
              (8 damage)
             ... on level 3 of the Dungeon.
             The game lasted 00:07:59 (2227 turns).

monsoonserge the Conjurer (Gnoll Conjurer)          Turns: 2227, Time: 00:08:00

Health: -6/32      AC:  7    Str:  6    XL:     4   Next: 63%
Magic:  4/11       EV: 11    Int: 20    God:
Gold:   122        SH:  3    Dex: 10    Spells: 12/13 levels left

rFire   . . .      SeeInvis .   o - +0 war axe
rCold   . . .      Faith    .   p - +0 buckler
rNeg    . . .      Spirit   .   u - +0 leather armour
rPois   .          Reflect  .   (no helmet)
rElec   .          Harm     .   (no cloak)
rCorr   .          Rampage  .   (no gloves)
Will    .....                   (no boots)
Stlth   ++........              (no amulet)
HPRegen 0.10/turn               q - +4 ring of protection
MPRegen 0.12/turn               (no ring)

@: no status effects
A: fangs 1, strong nose, distributed training
a: no special abilities


You were on level 3 of the Dungeon.
You visited 1 branch of the dungeon, and saw 4 of its levels.

You collected 122 gold pieces.

Inventory:

Hand Weapons
 i - a +0 short sword
 k - a +0 spear
 n - a +0 sling
 o - a +0 war axe (weapon)
 x - a +0 flail
Missiles
 f - 32 stones (quivered)
Armour
 a - a +0 robe
 c - a +0 ring mail
 p - a +0 buckler (worn)
 u - a +0 leather armour (worn)
Jewellery
 q - a +4 ring of protection (left hand)
Scrolls
 d - a scroll of vulnerability {unknown}
 e - 4 scrolls of identify {unknown}
 h - a scroll of blinking {unknown}
 j - a scroll of enchant armour {unknown}
 l - a scroll of poison {unknown}
 r - a scroll of enchant weapon {unknown}
 s - a scroll of fog {unknown}
 w - a scroll of teleportation {unknown}
Potions
 b - a potion of magic
 m - 4 potions of might {unknown}
 t - 2 potions of resistance {unknown}
 v - 2 potions of mutation {unknown}
 z - a potion of heal wounds {unknown}


   Skills:
 + Level 1.2 Fighting
 + Level 1.2 Short Blades
 + Level 1.2 Long Blades
 + Level 1.2 Axes
 + Level 1.2 Maces & Flails
 + Level 1.2 Polearms
 + Level 1.2 Staves
 + Level 1.2 Ranged Weapons
 + Level 1.2 Throwing
 + Level 1.2 Armour
 + Level 4.7 Dodging
 + Level 4.3 Stealth
 + Level 1.2 Shields
 + Level 1.2 Unarmed Combat
 + Level 5.1 Spellcasting
 + Level 7.1 Conjurations
 + Level 1.0 Hexes
 + Level 1.0 Summonings
 + Level 1.0 Necromancy
 + Level 1.0 Translocations
 + Level 1.0 Transmutations
 + Level 1.0 Fire Magic
 + Level 1.0 Ice Magic
 + Level 1.0 Air Magic
 + Level 1.0 Earth Magic
 + Level 1.0 Poison Magic
 + Level 1.4 Invocations
 + Level 1.2 Evocations


You had 12 spell levels left.
You knew the following spells:

 Your Spells              Type           Power      Damage    Failure   Level
a - Magic Dart            Conj           100%       1d8       1%          1

Your spell library contained the following spells:

 Spells                   Type           Power      Damage    Failure   Level
 Searing Ray              Conj           66%        2d6       1%          2
 Dazzling Flash           Conj/Hex       42%        N/A       14%         3
 Fulminant Prism          Conj/Hex       10%        3d9       41%         4
 Iskenderun's Mystic Bla  Conj/Tloc      21%        2d6       41%         4


Dungeon Overview and Level Annotations

Branches:
Dungeon (4/15)
 Temple: D:4-7

Altars:
Hepliaklqana

Shops:
D:1 :

Annotations:
D:3 Sigmund


Innate Abilities, Weirdness & Mutations

You have very sharp teeth.
Your uncanny sense of smell can sniff out nearby items.
Your experience applies equally to all skills.


Message History

Aiming: Magic Dart (safe; 1% risk of failure)
Press: ? - help, Shift-Dir - straight line, f/p - Sigmund
Aim: Sigmund, wielding a +0 scythe and wearing a +0 robe (heavily wounded, 100% to hit)
The magic dart hits Sigmund.
Sigmund is heavily wounded.
Sigmund hits you from afar with a +0 scythe.
Casting: Magic Dart (safe; 1% risk of failure)
Confirm with . or Enter, or press ? or * to list all spells.
Aiming: Magic Dart (safe; 1% risk of failure)
Press: ? - help, Shift-Dir - straight line, f/p - Sigmund
Aim: Sigmund, wielding a +0 scythe and wearing a +0 robe (heavily wounded, 100% to hit)
The magic dart hits Sigmund.
Sigmund is severely wounded.
Casting: Magic Dart (safe; 1% risk of failure)
Confirm with . or Enter, or press ? or * to list all spells.
Aiming: Magic Dart (safe; 1% risk of failure)
Press: ? - help, Shift-Dir - straight line, f/p - Sigmund
Aim: Sigmund, wielding a +0 scythe and wearing a +0 robe (severely wounded, 100% to hit)
The magic dart hits Sigmund.
Sigmund is severely wounded.
Sigmund points at you and mumbles some strange words.
You resist with some effort.
Casting: Magic Dart (safe; 1% risk of failure)
Confirm with . or Enter, or press ? or * to list all spells.
Aiming: Magic Dart (safe; 1% risk of failure)
Press: ? - help, Shift-Dir - straight line, f/p - Sigmund
Aim: Sigmund, wielding a +0 scythe and wearing a +0 robe (severely wounded, 100% to hit)
The magic dart hits Sigmund.
Sigmund is almost dead.
Sigmund hits you from afar with a +0 scythe!
* * * LOW HITPOINT WARNING * * *
Casting: Magic Dart (safe; 1% risk of failure)
Confirm with . or Enter, or press ? or * to list all spells.
Aiming: Magic Dart (safe; 1% risk of failure)
Press: ? - help, Shift-Dir - straight line, f/p - Sigmund
Aim: Sigmund, wielding a +0 scythe and wearing a +0 robe (almost dead, 100% to hit)
The magic dart hits Sigmund.
Sigmund is almost dead.
Sigmund hits you from afar with a +0 scythe!
You die...

∆...... .#.# #...# ∆ ...#
#.#.####.### ####.#### #.#.##...#
#.....{.##+###+### #.#.#..###
#.##†##.##.......###.#.#.#######
$#)#...#.##.......##............#
....._................##.....####
##.#...#.#............##.#...#
#.##.##.#(...@.@........+.......
#.......#........######.#.......
####.####.######## #.#....... #..
...# #......... ..# ####
######.... ### ....


You could see Sigmund.

Vanquished Creatures
  A hound (D:4)
  2 adders
  2 worms (D:2)
  An orc (D:3)
  A bat (D:2)
  An endoplasm (D:2)
  3 giant cockroaches (D:1)
  4 goblins
  4 hobgoblins (D:2)
  5 jackals (D:2)
  3 quokkas
  3 ball pythons
  4 frilled lizards (D:2)
  3 rats
  A spectral hobgoblin (D:1)
38 creatures vanquished.

Notes
Turn   | Place    | Note
-------+----------+-------------------------------------------
     0 | D:1      | monsoonserge the Gnoll Conjurer began the quest for the
                  | Orb.
     0 | D:1      | Reached XP level 1. HP: 13/13 MP: 6/6
    46 | D:1      | Found a faded altar of an unknown god.
   159 | D:1      | Found Kastrent's Book Shop.
   431 | D:1      | Reached XP level 2. HP: 19/19 MP: 4/7
   998 | D:2      | Reached skill level 5 in Spellcasting
   998 | D:2      | Reached XP level 3. HP: 25/25 MP: 3/9
  1320 | D:2      | Reached skill level 1 in Invocations
  1633 | D:2      | Reached skill level 1 in Fighting
  1633 | D:2      | Reached skill level 1 in Short Blades
  1633 | D:2      | Reached skill level 1 in Long Blades
  1633 | D:2      | Reached skill level 1 in Axes
  1633 | D:2      | Reached skill level 1 in Maces & Flails
  1633 | D:2      | Reached skill level 1 in Polearms
  1633 | D:2      | Reached skill level 1 in Staves
  1633 | D:2      | Reached skill level 1 in Ranged Weapons
  1633 | D:2      | Reached skill level 1 in Throwing
  1633 | D:2      | Reached skill level 1 in Armour
  1633 | D:2      | Reached skill level 1 in Shields
  1633 | D:2      | Reached skill level 1 in Unarmed Combat
  1633 | D:2      | Reached skill level 1 in Evocations
  1942 | D:3      | Found a hazy altar of Hepliaklqana.
  1950 | D:3      | Noticed Sigmund
  1957 | D:3      | Reached XP level 4. HP: 17/32 MP: 6/11
  1987 | D:4      | Reached skill level 1 in Hexes
  1987 | D:4      | Reached skill level 1 in Summonings
  1987 | D:4      | Reached skill level 1 in Necromancy
  1987 | D:4      | Reached skill level 1 in Translocations
  1987 | D:4      | Reached skill level 1 in Transmutations
  1987 | D:4      | Reached skill level 1 in Fire Magic
  1987 | D:4      | Reached skill level 1 in Ice Magic
  1987 | D:4      | Reached skill level 1 in Air Magic
  1987 | D:4      | Reached skill level 1 in Earth Magic
  1987 | D:4      | Reached skill level 1 in Poison Magic
  2227 | D:3      | Mangled by Sigmund

Illustrated notes

Levels and vault maps discovered:
D:1:      wander_arrival_abandoned_jail, layout_basic, serial_shops,
          nicolae_shop_temple_entry_statues_fountains,
          dreamdust_ecumenical_altar_drowned_temple
D:2:      layout_loops_corners, minmay_lizard_pond
D:3:      layout_basic, makhleb_altar_promises_db,
          nicolae_overflow_crystal_walls, uniq_ijyb, uniq_sigmund
D:4:      layout_rooms, minmay_temple_entry_grid, uniq_edmund

Skill      XL: |  1  2  3  4 |
---------------+-------------+-----
Spellcasting   | 5 |  5.1
Invocations    | 1 |  1.4
Fighting       | 1 |  1.2
Short Blades   | 1 |  1.2
Long Blades    | 1 |  1.2
Axes           | 1 |  1.2
Maces & Flails | 1 |  1.2
Polearms       | 1 |  1.2
Staves         | 1 |  1.2
Ranged Weapons | 1 |  1.2
Throwing       | 1 |  1.2
Armour         | 1 |  1.2
Shields        | 1 |  1.2
Unarmed Combat | 1 |  1.2
Evocations     | 1 |  1.2
Hexes          | 1 |  1.0
Summonings     | 1 |  1.0
Necromancy     | 1 |  1.0
Translocations | 1 |  1.0
Transmutations | 1 |  1.0
Fire Magic     | 1 |  1.0
Ice Magic      | 1 |  1.0
Air Magic      | 1 |  1.0
Earth Magic    | 1 |  1.0
Poison Magic   | 1 |  1.0
Dodging        | |  4.7
Stealth        | |  4.3
Conjurations   | |  7.1

Action                   |  1- 3 |  4- 6 || total
-------------------------+-------+-------++-------
Melee: Unarmed           |     8 |       ||     8
       Short sword       |     1 |       ||     1
       Spear             |     8 |       ||     8
       War axe           |     8 |     3 ||    11
       Bite              |     1 |       ||     1
Throw: Throwing net      |       |     1 ||     1
 Cast: Magic Dart        |    57 |    17 ||    74
 Stab: Sleeping          |     2 |       ||     2
Armor: Ring mail         |     8 |       ||     8
       Leather armour    |     2 |     3 ||     5
Dodge: Dodged            |    14 |     2 ||    16
Block: Buckler           |       |     1 ||     1
